 Dungeon Crawl Stone Soup version 0.28-a0-312-gbced6e68ee (webtiles) character file.

Game seed: 5888967426099482194

287 Laan the Magician (level 6, 2/40 HPs)
             Began as a Djinni Fire Elementalist on Aug 31, 2021.
             Quit the game on level 3 of the Dungeon.
             The game lasted 00:07:18 (2714 turns).

Laan the Magician (Djinni Fire Elementalist)        Turns: 2714, Time: 00:07:18

Health: 2/40       AC:  5    Str:  7 (9)  XL:     6   Next: 56%
Gold:   92         EV: 12    Int: 14 (15) God:
                   SH:  0    Dex: 11 (13)

rFire   + + .      SeeInvis .   c - staff of conjuration
rCold   x . .      Faith    .   (no shield)
rNeg    . . .      Spirit   .   a - +0 robe
rPois   ∞          Reflect  .   (no helmet)
rElec   .          Harm     .   e - +0 cloak
rCorr   .          Rampage  .   (no gloves)
Will    +....                   (boots unavailable)
Stlth   +.........              (no amulet)
HPRegen 0.13/turn               g - ring of willpower
MPRegen 0.00/turn               (no ring)

@: confused, wereblooded (expiring), attractive, flying, very slightly
contaminated, invisible
A: sickness immunity, fire resistance 2, cold vulnerability 1, float, innate
caster, hp casting, extra vitality 1, iridescent scales 1, dopey 1, subdued
magic 1
a: no special abilities


You were on level 3 of the Dungeon.
You visited 1 branch of the dungeon, and saw 3 of its levels.

You collected 92 gold pieces.

Inventory:

Armour
 a - a +0 robe (worn)
 e - a +0 cloak (worn)
Magical Staves
 c - a staff of conjuration (weapon)
Jewellery
 g - a ring of willpower (left hand)
Scrolls
 b - 3 scrolls of teleportation {unknown}
 f - 3 scrolls of fear {unknown}
 k - a scroll of acquirement {unknown}
 m - a scroll of amnesia {unknown}


   Skills:
 - Level 2.1 Dodging
 - Level 1.5 Stealth
 * Level 5.3 Spellcasting


You couldn't memorise any spells.
You knew the following spells:

 Your Spells              Type           Power      Damage    Failure   Level
a - Foxfire               Conj/Fire      84%        2x1d8     1%          1
b - Conjure Flame         Conj/Fire      21%        6-21      4%          3
c - Inner Flame           Hex/Fire       14%        N/A       4%          3
d - Sticky Flame          Conj/Fire      21%        2d4       16%         4
e - Fireball              Conj/Fire      10%        3d6       43%         5
f - Sandblast             Erth           28%        2d8       1%          1
g - Wereblood             Tmut           14%        N/A       2%          2
Your spell library was empty.

Dungeon Overview and Level Annotations

Branches:
Dungeon (3/15)

Altars:


Innate Abilities, Weirdness & Mutations

You are immune to sickness and miasma.
You are immune to poison.
Your flesh is very heat resistant. (rF++)
You are vulnerable to cold. (rC-)
You float through the air rather than walking.
You learn spells naturally, not from books.
Your magical power is your life essence.
You have superior vitality. (+4 HP)
You are partially covered in iridescent scales. (AC +2)
You are dopey. (Int -2)
Your spells are a little easier to cast, but a little less powerful.


Message History

You barely miss something. Something completely misses you. Something hits you.
You hit something. Something hits you but does no damage.
You hit something. Something hits you.
You hit something. Something hits you.
You closely miss something.
You hear some strange, mumbled words.
A magic dart appears from out of thin air!
The magic dart hits you.
* * * LOW HITPOINT WARNING * * *
You hit something but do no damage. Something hits you.
* * * LOW HITPOINT WARNING * * *
Something hits you but does no damage.
You barely miss something. Something completely misses you.
You hit something.
Your primal bloodlust is almost over.
You hear some strange, mumbled words.
You are confused.
It was a potion of flight.
You feel more buoyant. Something hits you.
* * * LOW HITPOINT WARNING * * *
It was a potion of mutation.
You feel extremely strange.
You feel stupid.
Your connection to magic feels subdued.
Iridescent scales grow over part of your body.
Something hits you but does no damage.
It was a potion of invisibility.
You fade into invisibility!
You hear some strange, mumbled words.
A magic dart appears from out of thin air!
The magic dart hits you.
* * * LOW HITPOINT WARNING * * *
You are very lightly contaminated with residual magic.
It was a potion of degeneration.
There was something very wrong with that liquid.
You feel weakened.
You feel dopey.
You feel clumsy. Something hits you but does no damage.
It was a potion of attraction.
You feel attractive to monsters. Something hits you but does no damage.
Are you sure you want to abandon this character and quit the game? (Confirm with "yes".)

#...o #####.#
+##+###...#.# #.#.#.#.#
#.....#.# #.###.###.#
#.........# #####.#####
#{# #@# #.# ######.#
######### #......####
............#.........#
........#####.#######.#
#######.#.........# ..
#.##.##.###.# #.
#.#...#.#


There were no monsters in sight!

Vanquished Creatures
  Sigmund (D:2)
  An orc priest (D:2)
  An orc wizard (D:2)
  An adder (D:2)
  3 worms
  A dart slug (D:1)
  3 orcs (D:2)
  7 bats
  6 endoplasms
  3 giant cockroaches
  5 goblins
  4 hobgoblins
  4 jackals (D:2)
  A quokka (D:2)
  4 ball pythons
  A frilled lizard (D:2)
  2 kobolds
  4 rats
52 creatures vanquished.

Vanquished Creatures (others)
  127 foxfires
127 creatures vanquished.

Grand Total: 179 creatures vanquished

Notes
Turn   | Place    | Note
-------+----------+-------------------------------------------
     0 | D:1      | Laan the Djinni Fire Elementalist began the quest for the
                  | Orb.
     0 | D:1      | Reached XP level 1. HP: 15/15 MP: 0/0
   174 | D:1      | Reached XP level 2. HP: 17/21 MP: 0/0
   387 | D:1      | Reached skill level 3 in Spellcasting
   497 | D:1      | Found a faded altar of an unknown god.
   740 | D:1      | Reached XP level 3. HP: 24/25 MP: 0/0
   740 | D:1      | Learned a level 1 spell: Sandblast
  1208 | D:2      | Noticed Sigmund
  1248 | D:2      | Killed Sigmund
  1249 | D:2      | Reached skill level 4 in Spellcasting
  1249 | D:2      | Reached XP level 4. HP: 7/31 MP: 0/0
  1249 | D:2      | Reached XP level 5. HP: 8/35 MP: 0/0
  1249 | D:2      | Learned a level 2 spell: Wereblood
  1249 | D:2      | Reached XP level 6. HP: 9/40 MP: 0/0
  1516 | D:2      | Reached skill level 5 in Spellcasting
  2710 | D:3      | Gained mutation: You are dopey. (Int -2) [potion of
                  | mutation]
  2710 | D:3      | Gained mutation: Your spells are a little easier to cast,
                  | but a little less powerful. [potion of mutation]
  2710 | D:3      | Gained mutation: You are partially covered in iridescent
                  | scales. (AC +2) [potion of mutation]
  2711 | D:3      | HP: 2/40 [something/magic dart (5)]
  2714 | D:3      | Quit the game

Illustrated notes

Levels and vault maps discovered:
D:1:      moated_graveyard_arrival, layout_basic,
          ebering_ecumenical_altar_petrified, serial_park_tiny_1
D:2:      layout_rooms, uniq_sigmund
D:3:      layout_basic, gammafunk_temple_overflow_claw,
          mainiacjoe_overflow_24_doors

Skill      XL: |  1  2  3  4  5  6 |
---------------+-------------------+-----
Spellcasting   | 3 4 5 |  5.3
Dodging        | |  2.1
Stealth        | |  1.5

Action                   |  1- 3 |  4- 6 || total
-------------------------+-------+-------++-------
Melee: Staff             |     4 |    15 ||    19
 Cast: Foxfire           |    45 |    44 ||    89
       Conjure Flame     |       |     1 ||     1
       Wereblood         |       |     1 ||     1
  Use: Potion            |       |     5 ||     5
Armor: Robe              |     4 |     9 ||    13
Dodge: Dodged            |    23 |    11 ||    34

Table legend: (Time is in decaauts)
 A = Elapsed time spent in this place.
 B = Non-inter-level travel time spent in this place.
 C = Inter-level travel time spent in this place.
 D = Time resting spent in this place.
 E = Time spent auto-exploring this place.
 F = Levels seen in this place.
 G = Mean time per level.
                   A        B        C        D        E       F      G
               +--------+--------+--------+--------+--------+-----+--------+
         Total |   2716 |   2648 |     68 |    476 |   1795 |   3 |  905.3 |
       Dungeon |   2716 |   2648 |     68 |    476 |   1795 |   3 |  905.3 |
               +--------+--------+--------+--------+--------+-----+--------+

Top non-repeatable levels by time:
     D:2: 1333 daAuts
     D:1: 875 daAuts
     D:3: 506 daAuts
